 Dungeon Crawl Stone Soup version 0.26-a0-660-gc07710193c (webtiles) character file.

Game seed: 12312156648076233390

88 rogsnak the Magician (level 4, -4/32 HPs)
             Began as a Gnoll Hedge Wizard on Oct 6, 2020.
             Killed by divine providence
             ... invoked by an orc priest
              (11 damage)
             ... on level 3 of the Dungeon.
             The game lasted 00:05:20 (2742 turns).

rogsnak the Magician (Gnoll Hedge Wizard)           Turns: 2742, Time: 00:05:20

Health: -4/32      AC:  5    Str: 12    XL:     4   Next: 54%
Magic:  10/13      EV: 15    Int: 17    God:
Gold:   144        SH:  0    Dex: 18    Spells: 11/17 levels left

rFire    . . .     SeeInvis .   t - +0 short sword
rCold    . . .     Faith    .   (no shield)
rNeg     . . .     Spirit   .   b - +0 robe
rPois    .         Reflect  .   c - +0 hat
rElec    .         Harm     .   (no cloak)
rCorr    .         Rampage  .   e - +2 pair of gloves {Dex+3}
MR       .....     Rnd*Tele +   (no boots)
Stlth    ..........             (no amulet)
HPRegen  0.10/turn              x - ring of attention (curse)
MPRegen  0.13/turn              i - ring of teleportation (curse)

@: confused
A: distributed training, fangs 1, strong nose
a: no special abilities


You were on level 3 of the Dungeon.
You visited 1 branch of the dungeon, and saw 3 of its levels.

You collected 144 gold pieces.

Inventory:

Hand Weapons
 a - a +0 dagger
 t - a +0 short sword (weapon)
 A - a +0 falchion
Missiles
 d - 52 stones (quivered)
 j - 3 javelins
 l - 26 bolts
 r - 49 sling bullets
 u - 26 arrows
Armour
 b - a +0 robe (worn)
 c - a +0 hat (worn)
 e - a +2 pair of gloves of dexterity (worn)
Jewellery
 g - an uncursed ring of stealth
 i - a cursed ring of teleportation (right hand)
 x - a cursed ring of attention (left hand)
Wands
 z - a wand of random effects (6)
Scrolls
 f - 2 scrolls of remove curse {unknown}
 k - 2 scrolls of amnesia {unknown}
 m - 2 scrolls of noise {unknown}
 o - 3 scrolls of identify {unknown}
 v - 3 scrolls of teleportation {unknown}
 w - 2 scrolls of enchant armour {unknown}
 y - 2 scrolls of magic mapping {unknown}
Potions
 p - 2 potions of flight


   Skills:
 + Level 1.2 Fighting
 + Level 1.2 Short Blades
 + Level 1.2 Long Blades
 + Level 1.2 Axes
 + Level 1.2 Maces & Flails
 + Level 1.2 Polearms
 + Level 1.2 Staves
 + Level 1.2 Slings
 + Level 1.2 Bows
 + Level 1.2 Crossbows
 + Level 1.2 Throwing
 + Level 1.2 Armour
 + Level 4.6 Dodging
 + Level 4.3 Stealth
 + Level 1.2 Shields
 + Level 1.2 Unarmed Combat
 + Level 7.2 Spellcasting
 + Level 2.2 Conjurations
 + Level 1.0 Hexes
 + Level 2.2 Summonings
 + Level 1.0 Necromancy
 + Level 2.2 Translocations
 + Level 1.0 Transmutations
 + Level 1.0 Fire Magic
 + Level 1.0 Ice Magic
 + Level 1.0 Air Magic
 + Level 1.0 Earth Magic
 + Level 1.0 Poison Magic
 + Level 1.3 Invocations
 + Level 1.2 Evocations


You had 11 spell levels left.
You knew the following spells:

 Your Spells              Type           Power        Failure   Level
a - Magic Dart            Conj           ##..         4%          1
b - Blink                 Tloc           N/A          7%          2
c - Mephitic Cloud        Conj/Pois/Air  ##......     19%         3

Your spell library contained the following spells:

 Spells                   Type           Power        Failure   Level
 Call Imp                 Summ           ##......     7%          2
 Slow                     Hex            #.......     12%         2
 Conjure Flame            Conj/Fire      ##......     17%         3


Dungeon Overview and Level Annotations

Branches:
Dungeon (3/15)

Altars:


Innate Abilities, Weirdness & Mutations

Your experience applies equally to all skills.
You have very sharp teeth.
Your uncanny sense of smell can sniff out nearby items.


Message History

The orc wizard gestures at you while chanting.
The magic dart hits you!
* * * LOW HITPOINT WARNING * * *
Casting: Mephitic Cloud (quite dangerous; 19% risk of failure)
Confirm with . or Enter, or press ? or * to list all spells.
The spell is quite dangerous to cast (19% risk of failure)!
Continue anyway?
Aiming: Mephitic Cloud (quite dangerous; 19% risk of failure)
Press: ? - help, Shift-Dir - straight line That beam is likely to hit you.
Continue anyway?
The ball explodes into a vile cloud!
The stinking cloud engulfs the orc wizard but does no damage.
The stinking cloud engulfs you but does no damage.
The stinking cloud engulfs the orc priest but does no damage.
You are engulfed in noxious fumes.
You choke on the stench!
You are confused.
The orc wizard is engulfed in noxious fumes.
The orc wizard appears confused.
The orc priest calls down the wrath of Beogh upon you.
Beogh smites you!
You die...

#####
################...#
.........o...>..§o☼#
..............##o☼○#
..<......[....##@○.#
..............######
..............#
..............#
####.###..#####
...#........#
####.##.....# ...
#.....# #.. ......#


You could see an orc priest and an orc wizard (fast, confused).

Vanquished Creatures
  2 adders (D:2)
  An ooze (D:3)
  A worm (D:3)
  4 leopard geckos
  4 orcs
  5 giant cockroaches
  5 goblins
  7 hobgoblins
  5 jackals
  4 kobolds
  A quokka (D:2)
  A ball python (D:1)
  A bat (D:2)
  3 frilled lizards
  7 rats
51 creatures vanquished.

Vanquished Creatures (others)
  2 plants (D:2)
2 creatures vanquished.

Grand Total: 53 creatures vanquished

Notes
Turn   | Place    | Note
-------+----------+-------------------------------------------
     0 | D:1      | rogsnak the Gnoll Hedge Wizard began the quest for the Orb.
     0 | D:1      | Reached XP level 1. HP: 13/13 MP: 8/8
   320 | D:1      | Reached XP level 2. HP: 19/19 MP: 3/10
   463 | D:1      | Learned a level 2 spell: Blink
  1206 | D:2      | Reached XP level 3. HP: 25/25 MP: 8/11
  1213 | D:2      | Learned a level 3 spell: Mephitic Cloud
  1633 | D:2      | Reached skill level 1 in Invocations
  1967 | D:2      | Found a faded altar of an unknown god.
  2040 | D:2      | Reached skill level 1 in Fighting
  2040 | D:2      | Reached skill level 1 in Short Blades
  2040 | D:2      | Reached skill level 1 in Long Blades
  2040 | D:2      | Reached skill level 1 in Axes
  2040 | D:2      | Reached skill level 1 in Maces & Flails
  2040 | D:2      | Reached skill level 1 in Polearms
  2040 | D:2      | Reached skill level 1 in Staves
  2040 | D:2      | Reached skill level 1 in Slings
  2040 | D:2      | Reached skill level 1 in Bows
  2040 | D:2      | Reached skill level 1 in Crossbows
  2040 | D:2      | Reached skill level 1 in Throwing
  2040 | D:2      | Reached skill level 1 in Armour
  2040 | D:2      | Reached skill level 1 in Shields
  2040 | D:2      | Reached skill level 1 in Unarmed Combat
  2040 | D:2      | Reached skill level 1 in Evocations
  2145 | D:2      | Reached XP level 4. HP: 31/32 MP: 8/13
  2733 | D:3      | Reached skill level 1 in Hexes
  2733 | D:3      | Reached skill level 1 in Necromancy
  2733 | D:3      | Reached skill level 1 in Transmutations
  2733 | D:3      | Reached skill level 1 in Fire Magic
  2733 | D:3      | Reached skill level 1 in Ice Magic
  2733 | D:3      | Reached skill level 1 in Air Magic
  2733 | D:3      | Reached skill level 1 in Earth Magic
  2733 | D:3      | Reached skill level 1 in Poison Magic
  2742 | D:3      | Killed from afar by an orc priest

Illustrated notes

Levels and vault maps discovered:
D:1:      lightli_arrival_boilingwater, layout_loops_corners,
          minmay_misc_feat_room, minmay_crystal_water
D:2:      layout_rooms, chequers_ecumenical_altar_lobes
D:3:      layout_rooms

Skill      XL: |  1  2  3  4 |
---------------+-------------+-----
Conjurations   | 2 |  2.2
Summonings     | 2 |  2.2
Translocations | 2 |  2.2
Invocations    | 1 |  1.3
Fighting       | 1 |  1.2
Short Blades   | 1 |  1.2
Long Blades    | 1 |  1.2
Axes           | 1 |  1.2
Maces & Flails | 1 |  1.2
Polearms       | 1 |  1.2
Staves         | 1 |  1.2
Slings         | 1 |  1.2
Bows           | 1 |  1.2
Crossbows      | 1 |  1.2
Throwing       | 1 |  1.2
Armour         | 1 |  1.2
Shields        | 1 |  1.2
Unarmed Combat | 1 |  1.2
Evocations     | 1 |  1.2
Hexes          | 1 |  1.0
Necromancy     | 1 |  1.0
Transmutations | 1 |  1.0
Fire Magic     | 1 |  1.0
Ice Magic      | 1 |  1.0
Air Magic      | 1 |  1.0
Earth Magic    | 1 |  1.0
Poison Magic   | 1 |  1.0
Dodging        | |  4.6
Stealth        | |  4.3
Spellcasting   | |  7.2

Action                   |  1- 3 |  4- 6 || total
-------------------------+-------+-------++-------
Melee: Dagger            |     2 |       ||     2
       Short sword       |     1 |     6 ||     7
 Cast: Magic Dart        |    92 |    55 ||   147
       Mephitic Cloud    |     2 |     4 ||     6
  Use: Potion            |       |     5 ||     5
Armor: Robe              |     7 |    10 ||    17
Dodge: Dodged            |    32 |    25 ||    57

Table legend: (Time is in decaauts)
 A = Elapsed time spent in this place.
 B = Non-inter-level travel time spent in this place.
 C = Inter-level travel time spent in this place.
 D = Time resting spent in this place.
 E = Time spent auto-exploring this place.
 F = Levels seen in this place.
 G = Mean time per level.
                   A        B        C        D        E       F      G
               +--------+--------+--------+--------+--------+-----+--------+
         Total |   2745 |   2665 |     80 |    332 |   1733 |   3 |  915.0 |
       Dungeon |   2745 |   2665 |     80 |    332 |   1733 |   3 |  915.0 |
               +--------+--------+--------+--------+--------+-----+--------+

Top non-repeatable levels by time:
     D:1: 1182 daAuts
     D:2: 1105 daAuts
     D:3: 458 daAuts
